 Dungeon Crawl Stone Soup version 0.25-a0-697-g890751e744 (webtiles) character file.

Game seed: 12839254442587015588, levelgen mode: deterministic

2921 Esekla the Fighter (level 10, 0/80 HPs)
             Began as a Formicid Abyssal Knight on Mar 31, 2020.
             Was an Elder of Lugonu.
             Slain by a human
             ... wielding a +0 hand axe
              (6 damage)
             ... on level 7 of the Dungeon.
             The game lasted 00:59:29 (7921 turns).

Esekla the Fighter (Formicid Abyssal Knight)        Turns: 7921, Time: 00:59:30

Health: 0/80       AC:  4    Str: 19    XL:     10   Next: 6%
Magic:  13/13      EV: 12    Int: 11    God:    Lugonu [****..]
Gold:   327        SH:  0    Dex: 10    Spells: 7/13 levels left

rFire    . . .     SeeInvis +   a - +1 falchion
rCold    . . .     Gourm    .   (no shield)
rNeg     . . .     Faith    .   b - +0 leather armour
rPois    .         Spirit   .   (helmet unavailable)
rElec    .         Reflect  .   (no cloak)
rCorr    .         Harm     .   (no gloves)
MR       +....     Clarity  +   t - +0 pair of boots
Stlth    +.........             (no amulet)
HPRegen  0.23/turn              (no ring)
MPRegen  0.13/turn              (no ring)

@: no status effects
A: permanent stasis, dig shafts and tunnels, four strong arms, antennae 3,
clarity, dopey 1
a: Dig, Shaft Self, Depart the Abyss, Bend Space, Banish, Corrupt, Renounce
Religion


You were on level 7 of the Dungeon.
You worshipped Lugonu.
Lugonu was greatly pleased with you.
You were not hungry.

You visited 1 branch of the dungeon, and saw 7 of its levels.
You visited the Abyss 1 time.
You also visited: Ossuary.

You collected 327 gold pieces.

Inventory:

Hand Weapons
 a - a +1 falchion (weapon)
 y - a +3 halberd
 A - a +2 flail of holy wrath
Missiles
 h - 6 javelins
 s - 17 boomerangs
 D - 42 poisoned darts (quivered)
Armour
 b - a +0 leather armour (worn)
 g - a +0 robe of cold resistance
 k - a +0 robe of the Archmagi
 t - a +0 pair of boots (worn)
 B - a +1 chain mail of cold resistance
Magical Staves
 w - an uncursed staff of earth
Jewellery
 e - an uncursed ring of protection from magic
Wands
 m - a wand of paralysis (9)
 n - a wand of random effects (21)
 F - a wand of digging (7)
Scrolls
 i - a scroll of fear {unknown}
 p - 7 scrolls of remove curse
 u - 2 scrolls of blinking {unknown}
 v - 2 scrolls of teleportation {unknown}
 x - 6 scrolls of identify
 z - 3 scrolls of amnesia
 C - a scroll of fog
 E - 3 scrolls of magic mapping
 G - a scroll of brand weapon {unknown}
Potions
 j - a potion of degeneration {unknown}
 l - a potion of magic
 o - a potion of curing
 q - 3 potions of flight
 r - a potion of ambrosia {unknown}
 I - a potion of cancellation {unknown}
Miscellaneous
 d - a lightning rod (4/4)
Comestibles
 c - 4 rations


   Skills:
 + Level 8.1 Fighting
 + Level 6.2 Long Blades
 * Level 5.8 Polearms
 + Level 2.8 Throwing
 + Level 4.5 Armour
 + Level 2.9 Dodging
 + Level 1.5 Stealth
 * Level 2.0 Spellcasting
 * Level 2.0 Conjurations
 * Level 2.5 Fire Magic
 + Level 2.5 Invocations
 + Level 0.2 Evocations


You had 7 spell levels left.
You knew the following spells:

 Your Spells              Type           Power        Failure   Level  Hunger
a - Starburst             Conj/Fire      #.........   100%        6    #######

Your spell library contained the following spells:

 Spells                   Type           Power        Failure   Level  Hunger
 Freeze                   Ice            #...         32%         1    ##.....
 Metabolic Englaciation   Hex/Ice        #.........   100%        5    ######.
 Ignition                 Fire           #.........   100%        8    #######


Dungeon Overview and Level Annotations

Branches:
Dungeon (7/15)             Temple (0/1) D:4         Ossuary (visited)

Altars:
Cheibriados
Dithmenos
Elyvilon
Gozag
Nemelex Xobeh
Trog
Uskayaw
Vehumet
Yredelemnul

Annotations:
D:4 2 runed translucent doors, kae's ghost, novice DrTm


Innate Abilities, Weirdness & Mutations

You cannot be hasted, slowed, berserked, paralysed or teleported.
You can dig through walls and to a lower floor.
Your four strong arms can wield two-handed weapons with a shield.
You have a pair of large antennae on your head. (SInv)
You possess an exceptional clarity of mind.
You are dopey. (Int -2)


Message History

You feel better. The human hits you but does no damage.
You closely miss the human.
The human is heavily wounded.
The human completely misses you.
You slash the human!
The human is severely wounded.
The human hits you with a +0 hand axe.
* * * LOW HITPOINT WARNING * * *
You barely miss the human.
The human is severely wounded.
The human hits you with a +0 hand axe.
* * * LOW HITPOINT WARNING * * *
The human hits you with a +0 hand axe.
* * * LOW HITPOINT WARNING * * *
Okay, then.
a - a +1 falchion (weapon)
You slash the human!
The human is almost dead.
The human hits you with a +0 hand axe.
You die...

.....# #....# #.#
.....####....# #.#
.............# #.#
.....##############
#.#
..................##
#.#
################...##
#.# ......# #....#
#.# #####.# #p#'##
#.# #.# #@#..# #.#
#.# #.#.h#Y. #.# #.#
#.#..(..# #.# #.#
#.#%.#..#####.# #.#
#.#%%#..#.....# #.#
###############
#####.# ......#
#######


You could see a human.

Vanquished Creatures
  Sigmund (D:2)
  A yak (D:7)
  3 hogs (D:7)
  Edmund (D:4)
  2 sky beasts
  An eye of draining (Abyss:2)
  5 ogres
  A centaur (D:5)
  A big kobold (D:7)
  An elf zombie (Ossuary)
  A scorpion (D:7)
  4 wights (D:6)
  A centaur zombie (D:6)
  3 crimson imps
  3 human zombies (Ossuary)
  3 hounds
  A jelly (D:7)
  2 orc priests (D:5)
  Ijyb (D:3)
  3 orc wizards (D:5)
  Jessica (D:3)
  An iguana (D:4)
  3 worker ants
  2 big kobold zombies (Ossuary)
  3 mummies
  4 gnolls (D:4)
  9 adders
  A shadow imp (D:6)
  An ooze (D:1)
  An adder skeleton (D:7)
  2 adder zombies
  4 worms
  2 dart slugs (D:1)
  6 leopard geckos
  5 orcs (D:5)
  8 bats
  4 giant cockroaches
  10 goblins
  7 hobgoblins
  5 jackals
  5 quokkas
  8 frilled lizards
  A goblin zombie (Ossuary)
  5 hobgoblin zombies (Ossuary)
  2 jackal skeletons
  A jackal zombie (Ossuary)
  11 kobolds
  14 kobold zombies (Ossuary)
  A leopard gecko skeleton (D:5)
  9 orc zombies (Ossuary)
  7 rats
182 creatures vanquished.

Notes
Turn   | Place    | Note
-------+----------+-------------------------------------------
     0 | Abyss:1  | Esekla the Formicid Abyssal Knight began the quest for the
                  | Orb.
     0 | Abyss:1  | Reached XP level 1. HP: 18/18 MP: 2/2
    32 | Abyss:2  | Found a corrupted altar of Lugonu,
    38 | Abyss:2  | Noticed a raiju
    59 | Abyss:2  | Found a corrupted altar of Lugonu,
    67 | Abyss:2  | Noticed an eye of draining
    80 | Abyss:2  | Killed an eye of draining
    80 | Abyss:2  | Reached skill level 5 in Fighting
    80 | Abyss:2  | Reached XP level 2. HP: 27/27 MP: 0/3
    80 | Abyss:2  | Reached XP level 3. HP: 33/33 MP: 0/4
    80 | Abyss:2  | Reached XP level 4. HP: 39/39 MP: 0/5
    80 | Abyss:2  | Noticed a worldbinder
    82 | Abyss:2  | Noticed a vampire mosquito
    82 | Abyss:2  | Noticed an insubstantial wisp
    87 | D:1      | Escaped the Abyss
   439 | D:1      | Reached XP level 5. HP: 39/44 MP: 6/6
   513 | D:1      | Reached * piety under Lugonu
   842 | D:2      | Reached skill level 1 in Dodging
   846 | D:2      | Found an opulent altar of Gozag,
  1129 | D:2      | Noticed Sigmund
  1136 | D:2      | Killed Sigmund
  1136 | D:2      | Reached skill level 6 in Fighting
  1136 | D:2      | Reached XP level 6. HP: 47/52 MP: 7/7
  1424 | D:3      | Noticed Ijyb
  1432 | D:3      | Killed Ijyb
  1594 | D:3      | Noticed Jessica
  1597 | D:3      | Reached ** piety under Lugonu
  1608 | D:3      | Reached XP level 7. HP: 56/59 MP: 8/8
  1617 | D:3      | Killed Jessica
  2044 | D:3      | Found a bloodstained altar of Trog,
  2313 | D:2      | Found a shadowy altar of Dithmenos,
  2696 | D:3      | Upgraded the game from 0.25-a0-690-g234afa57d4 to
                  | 0.25-a0-697-g890751e744
  2911 | D:4      | Found a sand-covered staircase,
  3046 | Ossuary  | Entered an ossuary
  3177 | Ossuary  | Reached *** piety under Lugonu
  3596 | Ossuary  | Reached skill level 5 in Long Blades
  3641 | Ossuary  | Reached skill level 1 in Throwing
  3832 | Ossuary  | Reached XP level 8. HP: 59/65 MP: 9/9
  4349 | D:4      | Found a large runed translucent door,
  4349 | D:4      | Found a large runed translucent door,
  4350 | D:4      | Noticed kae's ghost (novice DrTm)
  4398 | D:4      | Found a basalt altar of Yredelemnul,
  4405 | D:4      | Found a radiant altar of Vehumet,
  4442 | D:4      | Reached skill level 7 in Fighting
  4625 | D:4      | Found a staircase to the Ecumenical Temple,
  5314 | D:5      | Entered Level 5 of the Dungeon
  5329 | D:4      | Reached skill level 1 in Polearms
  5519 | D:5      | Found a white marble altar of Elyvilon,
  5574 | D:5      | Noticed Edmund
  5602 | D:4      | Killed Edmund
  5802 | D:5      | Reached skill level 1 in Stealth
  5855 | D:5      | Identified Sif Muna's Reference Book on Blistering Cold
  5864 | D:5      | Learned a level 6 spell: Starburst
  5873 | D:5      | Noticed a +0 dagger
  5874 | D:5      | Noticed a +0 hand axe
  5877 | D:5      | Found a hide-covered altar of Uskayaw,
  5928 | D:5      | Found a sparkling altar of Nemelex Xobeh,
  6161 | D:5      | Reached skill level 1 in Conjurations
  6161 | D:5      | Reached XP level 9. HP: 48/73 MP: 10/10
  6304 | D:5      | Reached skill level 1 in Fire Magic
  6405 | D:5      | Found a snail-covered altar of Cheibriados,
  6414 | D:5      | Reached **** piety under Lugonu
  6674 | D:6      | Reached skill level 1 in Spellcasting
  7404 | D:6      | Gained mutation: You are dopey. (Int -2) [potion of
                  | mutation]
  7404 | D:6      | Gained mutation: Your magical capacity is low. (-10% MP)
                  | [potion of mutation]
  7404 | D:6      | Gained mutation: Your muscles are strong. (Str +2) [potion
                  | of mutation]
  7404 | D:6      | Gained mutation: Your flesh is cold resistant. (rC+)
                  | [potion of mutation]
  7405 | D:6      | Lost mutation: Your muscles are strong. (Str +2) [potion of
                  | mutation]
  7405 | D:6      | Lost mutation: You are dopey. (Int -2) [potion of mutation]
  7405 | D:6      | Lost mutation: Your flesh is cold resistant. (rC+) [potion
                  | of mutation]
  7405 | D:6      | Lost mutation: Your magical capacity is low. (-10% MP)
                  | [potion of mutation]
  7405 | D:6      | Gained mutation: You are frail. (-10% HP) [potion of
                  | mutation]
  7405 | D:6      | Gained mutation: You have an increased reservoir of magic.
                  | (+10% MP) [potion of mutation]
  7428 | D:6      | Lost mutation: You are frail. (-10% HP) [potion of
                  | mutation]
  7428 | D:6      | Lost mutation: You have an increased reservoir of magic.
                  | (+10% MP) [potion of mutation]
  7428 | D:6      | Gained mutation: You are dopey. (Int -2) [potion of
                  | mutation]
  7428 | D:6      | Gained mutation: You possess an exceptional clarity of
                  | mind. [potion of mutation]
  7885 | D:7      | Reached skill level 8 in Fighting
  7885 | D:7      | Reached skill level 5 in Polearms
  7897 | D:7      | HP: 3/74 [hog (9)]
  7899 | D:7      | Reached XP level 10. HP: 32/80 MP: 12/12
  7921 | D:7      | Slain by a human

Levels and vault maps discovered:
D:1:      lightli_arrival_lavapool, layout_loops_cross
D:2:      layout_loops_cross, nicolae_gozag_cash_rules_everything_around_me,
          first_ration, grunt_dithmenos_smoke_and_mirrors, uniq_sigmund
D:3:      layout_loops_cross, lemuel_round_altar,
          corexii_item_surrounded_by_moat, uniq_jessica, uniq_ijyb
D:4:      layout_gridville, amethyst_overflow_temple_binary,
          minmay_temple_entry_stoned_glass, ebering_ghost_disaster_area,
          gup_ossuary_entry_pyramid
D:5:      layout_rooms, lemuel_crystal_altar, dancing_weapons_uskayaw,
          marbit_many_paths, lemuel_round_altar, serial_corexii_hall,
          corexii_hall_statues_s, chequers_hall_statues_wall_a,
          chequers_hall_statues_y, corexii_hall_statues_l, kennysheep_doodads,
          uniq_edmund
D:6:      layout_rooms
D:7:      layout_basic, grunt_livestock

Skill      XL: |  1  2  3  4  5  6  7  8  9 10 |
---------------+-------------------------------+-----
Fighting       | 5 6 7 8 |  8.1
Dodging        | 1 2 |  2.9
Long Blades    | 3 4 5 6 |  6.2
Armour         | 3 4 |  4.5
Throwing       | 1 2 |  2.8
Polearms       | 2 5 |  5.8
Stealth        | 1 |  1.5
Conjurations   | 1 2 |  2.0
Fire Magic     | 2 |  2.5
Spellcasting   | 1 2 |  2.0
Invocations    | |  2.5
Evocations     | |  0.2

Action                   |  1- 3 |  4- 6 |  7- 9 | 10-12 || total
-------------------------+-------+-------+-------+-------++-------
Melee: Falchion          |     9 |   176 |   341 |     1 ||   527
       Halberd           |       |       |   163 |    18 ||   181
Throw: Boomerang         |       |       |    58 |       ||    58
       Dart              |       |       |     5 |       ||     5
Invok: Depart the Abyss  |       |     1 |       |       ||     1
       Bend Space        |       |       |     1 |       ||     1
Evoke: Lightning rod     |       |     5 |       |       ||     5
  Use: Scroll            |       |       |    10 |       ||    10
       Potion            |       |       |     6 |     2 ||     8
  Eat: Chunk             |       |     2 |     8 |       ||    10
       Ration            |       |       |     4 |       ||     4
Armor: Leather armour    |       |    27 |    91 |     4 ||   122
Dodge: Dodged            |       |    85 |   276 |     6 ||   367
       Rpst.: Falchion   |       |    24 |    66 |       ||    90

Table legend:
 A = Non-vault XP
 B = Vault XP
 C = Vault XP percentage of total XP
 D = Non-vault monster count
 E = Vault monster count
 F = Vault count percentage of total count
                 A         B        C        D         E       F
            +---------+---------+-------+---------+---------+-------
      Total |    2552 |    1622 |  38.9 |     134 |      48 |  26.4
            +---------+---------+-------+---------+---------+-------
        D:1 |      41 |       0 |   0.0 |      21 |       0 |   0.0
        D:2 |     114 |     220 |  65.9 |      29 |       1 |   3.3
        D:3 |      81 |      77 |  48.7 |      23 |       2 |   8.0
        D:4 |     371 |     184 |  33.2 |      11 |       2 |  15.4
        D:5 |     675 |       0 |   0.0 |      24 |       0 |   0.0
        D:6 |     797 |       0 |   0.0 |      16 |       0 |   0.0
        D:7 |     352 |     787 |  69.1 |       9 |       4 |  30.8
    Abyss:2 |     121 |       0 |   0.0 |       1 |       0 |   0.0
    Ossuary |       0 |     354 | 100.0 |       0 |      39 | 100.0
            +---------+---------+-------+---------+---------+-------
